Map: Orbital Shipyard

Players

TerrA - Winner!

  • Race: Terran Terran
  • League: Gold

lesha

  • Race: Terran Terran
  • League: Silver

VOD

Have the link to the VOD?

Description

Time

  • Played on: Dec. 11, 2015, 9:11 p.m.
  • Length: 12:03
Show
View Real Time Build Order
Export as new Build Order

TerrA Terran - Winner!

Build Orders:  

Get SALT Encoding   

  12  0:00  SCV  
  13  0:13  SCV  
  14  0:18  Supply Depot  
  14  0:23  Supply Depot  
  14  0:25  SCV  
  15  0:44  SCV  
  15  0:46  Barracks  
  16  0:50  Refinery  
  16  0:56  SCV  
  17  1:09  SCV  
  18  1:21  SCV  
  19  1:33  SCV  
  19  1:34  Supply Depot  
  19  1:35  Reaper  
  21  1:45  Command Center  
  21  1:55  Orbital Command  
  21  2:18  Barracks Reactor  
  21  2:22  SCV  
  22  2:30  Refinery  
  22  2:31  Factory  
  22  2:34  SCV  
  23  2:46  SCV  
  25  2:58  SCV  
  25  3:09  Orbital Command  
  25  3:10  SCV  
  26  3:14  Marine x2  
  26  3:19  Starport  
  28  3:22  Factory Tech Lab, SCV  
  29  3:32  Marine x2  
  31  3:34  SCV  
  32  3:43  Engineering Bay  
  32  3:46  SCV x2  
  34  3:49  Siege Tank  
  34  3:52  Marine x2  
  39  3:58  SCV  
  40  4:03  Starport Reactor  
  40  4:05  SCV  
  41  4:10  SCV  
  41  4:12  Command Center  
  41  4:16  Refinery  
  42  4:17  SCV  
  42  4:18  Refinery  
  42  4:21  Marine x2  
  42  4:23  SCV  
  46  4:37  SCV x2, Siege Tank  
  51  4:39  Supply Depot  
  51  4:41  Supply Depot  
  51  4:42  Missile Turret  
  51  4:45  Missile Turret  
  51  4:49  SCV x2  
  53  5:01  SCV x2, Medivac x2  
  59  5:07  Barracks  
  59  5:08  Marine x2  
  61  5:15  SCV x2  
  62  5:24  Terran Infantry Weapons Level 1  
  62  5:26  Orbital Command  
  62  5:33  Marine x2  
  64  5:41  Engineering Bay  
  64  6:00  Orbital Command  
  64  6:10  Marine x2  
  66  6:20  Barracks  
  66  6:21  Barracks  
  66  6:22  Barracks, Liberator x2  
  66  6:24  Barracks  
  66  6:28  Marine x2  
  68  6:36  Barracks Tech Lab  
  74  6:49  SCV x3, Factory  
  77  7:01  SCV  
  78  7:14  SCV x3  
  78  7:15  Marine x2  
  83  7:26  SCV x2  
  85  7:38  SCV  
  85  7:41  Marine  
  85  7:42  Marine  
  85  7:52  Barracks Reactor, Barracks Tech Lab x2  
  85  7:54  Barracks Reactor  
  85  7:57  SCV  
  81  7:59  Marine  
  81  8:00  Marine  
  76  8:17  Marine  
  76  8:18  Combat Shields, Stimpack, Marine  
  78  8:23  Factory Tech Lab  
  78  8:30  Supply Depot  
  78  8:31  Supply Depot  
  78  8:32  Supply Depot  
  78  8:34  Supply Depot  
  78  8:35  Marine  
  78  8:38  Missile Turret  
  78  8:39  Missile Turret  
  78  8:40  Terran Infantry Armor Level 1  
  78  8:41  Hi-Sec Auto Tracking  
  79  8:45  Armory  
  79  8:51  Missile Turret x2  
  79  8:52  Marine x6  
  79  8:53  Marine x3  
  79  8:54  Missile Turret  
  88  9:04  SCV x3  
  88  9:07  Refinery  
  88  9:09  Marine  
  91  9:10  Marine  
  91  9:11  Refinery, Marauder  
  91  9:12  Marauder  
  91  9:13  Siege Tank  
  91  9:16  SCV x2  
  102  9:19  Siege Tank  
  105  9:35  Medivac x2  
  109  9:45  Siege Tank  
  109  9:46  SCV  
  109  9:47  SCV  
  109  9:52  Siege Tank, Terran Vehicle Weapons Level 1  
  117  9:55  Command Center  
  117  10:19  Concussive Shells  
  117  10:22  Missile Turret  
  117  10:37  Marine  
  117  10:39  Marine x3  
  117  10:40  Marine x2  
  117  10:42  Marauder  
  116  10:45  Marauder  
  116  10:46  Marauder  
  104  10:53  Medivac  
  104  10:54  Medivac  
  104  10:56  Siege Tank  
  102  11:01  Marine x3  
  102  11:07  Siege Tank, Marine  
  106  11:36  Marine  
  106  11:37  Marine x5  
  106  11:38  Marauder, Marine x2  
Show
View Real Time Build Order
Export as new Build Order

lesha Terran 

Build Orders:  

Get SALT Encoding   

  12  0:07  SCV  
  13  0:19  SCV  
  14  0:24  Supply Depot  
  14  0:32  SCV  
  15  0:46  SCV  
  15  0:47  Barracks  
  16  0:58  SCV  
  17  1:10  SCV  
  18  1:17  Command Center  
  18  1:22  SCV  
  19  1:25  Refinery  
  19  1:31  Refinery  
  19  1:40  Orbital Command  
  19  1:43  Marine  
  20  1:52  Supply Depot  
  20  1:58  Supply Depot  
  20  2:06  SCV  
  21  2:16  Marine  
  21  2:28  SCV  
  22  2:34  Marine  
  23  2:37  Factory  
  23  2:40  SCV  
  23  2:52  SCV, Marine  
  25  3:09  Marine  
  25  3:12  SCV  
  28  3:14  Orbital Command  
  27  3:25  Factory Tech Lab  
  27  3:26  Starport  
  27  3:27  SCV  
  28  3:39  SCV  
  29  3:43  SCV  
  29  3:44  Barracks Reactor  
  30  3:51  SCV  
  30  3:54  Supply Depot  
  30  3:55  SCV, Supply Depot  
  32  3:58  Engineering Bay  
  32  4:04  SCV  
  32  4:07  SCV  
  34  4:10  Barracks, Starport Reactor  
  34  4:18  SCV  
  34  4:19  SCV  
  34  4:21  Siege Tank  
  34  4:22  Marine x2  
  41  4:30  SCV  
  42  4:36  SCV, Barracks  
  43  4:38  Terran Infantry Weapons Level 1  
  43  4:42  SCV, Marine x2  
  46  4:48  SCV  
  46  4:51  Medivac x2  
  51  4:54  SCV  
  52  5:07  Marine x2  
  52  5:11  Barracks Tech Lab  
  52  5:12  Siege Tank  
  57  5:17  Command Center  
  57  5:36  Missile Turret  
  57  5:39  Missile Turret  
  57  5:42  Missile Turret  
  57  5:44  Missile Turret  
  57  5:45  Engineering Bay  
  57  5:47  Missile Turret x2  
  57  5:51  SCV  
  57  5:52  SCV  
  59  5:59  Refinery  
  59  6:02  Marine x2  
  59  6:03  SCV, Refinery  
  62  6:22  Terran Infantry Armor Level 1  
  62  6:23  Supply Depot  
  62  6:24  Supply Depot  
  62  6:26  Supply Depot  
  62  6:28  Marine x2  
  62  6:29  SCV, Marauder, Medivac x2  
  71  6:33  SCV  
  72  6:42  SCV x2  
  72  6:45  SCV  
  75  6:49  Barracks Tech Lab  
  75  6:54  Barracks  
  75  6:55  Marine x2  
  75  6:57  Barracks  
  75  6:58  Marauder  
  75  6:59  Barracks  
  75  7:00  Medivac x2  
  83  7:15  Marine x2  
  84  7:17  Marauder  
  84  7:19  Marauder  
  70  7:53  Stimpack  
  70  7:54  Barracks Reactor  
  64  7:59  Barracks Tech Lab  
  64  8:02  Barracks Reactor  
  64  8:05  Marine x4  
  62  8:08  Medivac  
  67  8:16  SCV x3  
  70  8:23  Marine  
  70  8:24  Marauder x2  
  75  8:28  SCV x3  
  78  8:34  Marine  
  78  8:35  Marine x3  
  78  8:38  Combat Shields  
  78  8:40  SCV x3  
  78  8:41  Marine  
  86  8:57  SCV  
  86  8:58  SCV x2  
  89  9:08  Marine x4  
  89  9:09  SCV, Marine x3  
  97  9:10  SCV x2  
  97  9:11  Marauder  
  101  9:23  Supply Depot  
  101  9:24  Supply Depot  
  101  9:26  Supply Depot  
  101  9:33  Orbital Command  
  101  9:38  Command Center  
  101  9:44  SCV x2, Medivac x2, Marine x2  
  101  9:45  Marauder, Marine x4  
  115  9:54  Marine x2  
  115  9:56  SCV x2  
  119  10:04  Armory, Marine  
  119  10:05  Marine x5  
  125  10:22  Supply Depot  
  125  10:25  Supply Depot  
  125  10:40  SCV  
  125  10:43  Marine x2  
  125  10:44  SCV x2, Marauder x2  
  125  10:47  Medivac  
  134  10:53  SCV  
  134  10:56  SCV x2  
  94  11:09  Marine  
  94  11:10  Marine x7  
  94  11:12  Marauder  
  94  11:13  Medivac  
  94  11:17  Medivac  
  100  11:21  SCV x2  
  100  11:22  SCV  
  100  11:23  Orbital Command  
  103  11:29  Marauder x2  
  107  11:33  SCV x2, Marauder  
  107  11:34  SCV  
  107  11:35  Marine x3  
  107  11:36  Marine x3  
  118  11:45  SCV  
  118  11:46  SCV x2  
Tags
 
Add a new tag
Caveats
  • Supply blocks, unpowered buildings, or Contaminate may cause inaccurate times.
  • Supply counts are checked every 10 seconds.